 Dungeon Crawl Stone Soup version 0.28-b1-25-g9875b3fc8c (webtiles) character file.

Game seed: 14044229134159987048

500 dorian the Scratcher (level 6, 0/26 HPs)
             Began as a Felid Transmuter on Feb 5, 2022.
             Killed from afar by Dowan (9 damage)
             ... with a stone arrow
             ... on level 4 of the Dungeon.
             The game lasted 00:23:38 (9117 turns).

dorian the Scratcher (Felid Transmuter)             Turns: 9117, Time: 00:23:39

Health: 0/26       AC:  2    Str:  6    XL:     6   Next: 94%
Magic:  10/10      EV: 18    Int: 16    God:
Gold:   156        SH:  0    Dex: 17    Spells: 8/9 levels left
                                        Lives:  0   Deaths: 1

rFire   . . .      SeeInvis +     - Unarmed
rCold   . . .      Faith    .   (shield unavailable)
rNeg    . . .      Spirit   .   (armour unavailable)
rPois   .          Reflect  .   (helmet unavailable)
rElec   .          Harm     .   (cloak unavailable)
rCorr   .          Rampage  .   (gloves unavailable)
Will    .....                   (boots unavailable)
Stlth   ++........              (no amulet)
HPRegen 0.08/turn               (no ring)
MPRegen 0.12/turn               (no ring)

@: mighty, quick
A: very small, claws 1, fangs 3, see invisible, speed 1, shaggy fur 2, stealthy
paws, no weapons or thrown items, no armour, multi-lived
a: no special abilities


You were on level 4 of the Dungeon.
You visited 1 branch of the dungeon, and saw 4 of its levels.

You collected 156 gold pieces.

Inventory:

Scrolls
 a - a scroll of vulnerability {unknown}
 b - 2 scrolls of summoning {unknown}
 f - a scroll of teleportation {unknown}
 i - a scroll of fear {unknown}
 j - a scroll of magic mapping {unknown}
 l - a scroll of holy word {unknown}
Potions
 c - 4 potions of curing
 d - 2 potions of lignification
 e - a potion of might
 g - a potion of heal wounds {unknown}
 h - 2 potions of flight {unknown}
 k - a potion of brilliance {unknown}
 m - a potion of mutation {unknown}


   Skills:
 - Level 2.0 Fighting
 - Level 4.1 Dodging
 - Level 2.6 Stealth
 * Level 7.6 Unarmed Combat
 - Level 2.0 Spellcasting
 - Level 2.1 Transmutations


You had 8 spell levels left.
You knew the following spells:

 Your Spells              Type           Power      Damage    Failure   Level
a - Beastly Appendage     Tmut           16%        N/A       9%          1

Your spell library contained the following spells:

 Spells                   Type           Power      Damage    Failure   Level
 Wereblood                Tmut           8%         N/A       13%         2
 Spider Form              Tmut/Pois      5%         N/A       36%         3
 Ice Form                 Ice/Tmut       5%         N/A       78%         4


Dungeon Overview and Level Annotations

Branches:
Dungeon (4/15)
 Temple: D:4-7

Altars:

Annotations:
D:4 Dowan


Innate Abilities, Weirdness & Mutations

You have sharp claws.
You have razor-sharp teeth.
You have supernaturally acute eyesight. (SInv)
You cover ground quickly. (Speed+)
You are covered in thick fur. (AC +2)
Your paws help you pounce on unaware monsters.
You are incapable of wielding weapons or throwing items.
You cannot wear armour.
You gain extra lives every three experience levels.


Message History

Your transformation is almost over.
Dowan casts a spell.
Dowan blinks!
There is a stone staircase leading up here.
You feel very mighty all of a sudden.
Dowan gestures wildly while chanting.
Dowan blinks!
You claw Duvessa! Your headbutt misses Duvessa.
Duvessa is moderately wounded.
Duvessa hits you with a +0 short sword of draining!
You feel drained.
You claw Duvessa!
Duvessa is heavily wounded.
Duvessa closely misses you.
You claw Duvessa! You headbutt Duvessa!
You kill Duvessa!
Dowan's eyes darken. "You have made a black mistake."
Dowan seems to find hidden reserves of power!
Your life force feels restored.
Dowan hits you with a +0 dagger.
There is a stone staircase leading up, spattered with blood here.
You miss Dowan.
Dowan mumbles some strange words.
Dowan blinks!
Your horns disappear.
Dowan gestures wildly while chanting.
Dowan blinks!
Dowan casts a spell at you. The stone arrow hits you!
Ouch! That really hurt!
* * * LOW HITPOINT WARNING * * *
You feel better.
Dowan gestures wildly while chanting.
Dowan blinks!
You claw Dowan!
Dowan is moderately wounded.
Dowan hits you with a +0 dagger. Dowan casts a spell at you.
The stone arrow hits you!
You die...

....# #.# ##'### #.
#.#.#######.##########...#######.
......†.........................
##..#.#....####.>####...#######.
#[###...........# ##.## #.
#..#.#.#######.## #.# ## #.#.##.#
#.# #.# # #..#.#.# #e# #.# #
###.###..# #@# #.# # ...## #.#
#.# #.#### # ###.###..# #§#
#.<.)# # ###..#...# #<#
####.###### ......)..# #.#
#....... ###......## #)#
############ ..........# #.#
#........... .####.##..# #.#
#.########## .># #.##..# #.#
##.##


You could see Dowan (fast).

Vanquished Creatures
  Duvessa (D:4)
  Blork the orc (D:4)
  2 scorpions (D:4)
  2 orc priests (D:3)
  A hound (D:2)
  An iguana (D:3)
  An orc wizard (D:3)
  6 gnolls
  5 adders
  3 worms (D:2)
  2 dart slugs
  8 orcs
  6 bats
  6 endoplasms
  3 giant cockroaches
  6 hobgoblins
  11 kobolds
  4 quokkas
  6 ball pythons
  3 frilled lizards
  11 goblins
  12 rats
101 creatures vanquished.

Notes
Turn   | Place    | Note
-------+----------+-------------------------------------------
     0 | D:1      | dorian the Felid Transmuter began the quest for the Orb.
     0 | D:1      | Reached XP level 1. HP: 9/9 MP: 4/4
   220 | D:1      | Found a faded altar of an unknown god.
   627 | D:1      | Reached XP level 2. HP: 4/12 MP: 4/6
  1400 | D:1      | Reached XP level 3. HP: 8/15 MP: 5/7
  1553 | D:1      | Reached skill level 4 in Unarmed Combat
  2121 | D:2      | Reached skill level 1 in Stealth
  2615 | D:2      | Reached XP level 4. HP: 19/19 MP: 8/8
  4220 | D:1      | Reached XP level 5. HP: 8/22 MP: 9/9
  5254 | D:4      | Reached skill level 5 in Unarmed Combat
  5843 | D:3      | Gained mutation: You are covered in thick fur. (AC +2)
                  | [Felid growth]
  5843 | D:3      | Reached XP level 6. HP: 26/26 MP: 10/10
  6940 | D:3      | Killed from afar by an orc priest
  6941 | D:3      | Reached XP level 5. HP: -2/22 MP: 9/9
  6965 | D:3      | Reached skill level 6 in Unarmed Combat
  7938 | D:4      | Noticed a phantom
  8000 | D:4      | Noticed Blork the orc
  8011 | D:4      | Killed Blork the orc
  8012 | D:4      | Reached XP level 6. HP: 18/26 MP: 8/10
  8962 | D:3      | Reached skill level 7 in Unarmed Combat
  9092 | D:4      | Noticed Duvessa
  9096 | D:4      | Noticed Dowan
  9106 | D:4      | Killed Duvessa
  9117 | D:4      | Killed from afar by Dowan

Illustrated notes

Levels and vault maps discovered:
D:1:      ncdulo_lavacross, layout_basic, ebering_ecumenical_altar_mist,
          minmay_misc_feat_square, minmay_small_reverse_x
D:2:      layout_basic
D:3:      layout_basic
D:4:      layout_loops_ring, minmay_misc_feat_nine_boxes, supply_closet_lemuel,
          uniq_blork_the_orc, uniq_duvessa

Skill      XL: |  1  2  3  4  5  6 |
---------------+-------------------+-----
Dodging        | 3 4 |  4.1
Unarmed Combat | 4 6 7 |  7.6
Stealth        | 1 2 |  2.6
Fighting       | 2 |  2.0
Spellcasting   | |  2.0
Transmutations | |  2.1

Action                   |  1- 3 |  4- 6 || total
-------------------------+-------+-------++-------
Melee: Unarmed           |   120 |   168 ||   288
       Headbutt          |    17 |    27 ||    44
       Punch             |     6 |     5 ||    11
       Bite              |     5 |    14 ||    19
 Cast: Beastly Appendage |    38 |    66 ||   104
  Use: Potion            |       |     4 ||     4
       Scroll            |       |     3 ||     3
 Stab: Sleeping          |     1 |     8 ||     9
Armor: Skin              |     8 |     8 ||    16
Dodge: Dodged            |    74 |    88 ||   162
